 Dungeon Crawl Stone Soup version 0.20.1-1-g8b1a95d (webtiles) character file.

1575 equalderp2856 the Digger (level 8, -1/67 HPs)
             Began as a Minotaur Fighter on Oct 16, 2017.
             Slain by a hellwing (7 damage)
             ... summoned by a deep elf mage
             ... in a bailey.
             The game lasted 00:15:25 (5979 turns).

equalderp2856 the Digger (Minotaur Fighter)         Turns: 5979, Time: 00:15:25

Health: -1/67      AC: 12    Str: 21    XL:     8   Next: 60%
Magic:  0/9        EV:  4    Int:  5    God:
Gold:   67         SH: 10    Dex: 12    Spells: 7/10 levels left

rFire    . . .     SeeInvis .   O - +5 war axe (freeze)
rCold    . . .     Gourm    .   c - +0 shield
rNeg     . . .     Faith    .   L - +0 plate armour (curse)
rPois    +         Spirit   +   (helmet restricted)
rElec    .         Reflect  .   D - +1 cloak {rPois}
rCorr    .         Harm     .   (no gloves)
MR       .....                  s - +1 pair of boots
Stlth    ..........             k - amulet of guardian spirit
Regen    0.3/turn               (no ring)
MPRegen  0.2/turn               (no ring)

@: corroded, drained
A: retaliatory headbutt, horns 2
a: no special abilities


You were in a bailey.
You were hungry.

You visited 1 branch of the dungeon, and saw 7 of its levels.
You also visited: Sewer and Bailey.

You collected 313 gold pieces.
You spent 246 gold pieces at shops.

Inventory:

Hand Weapons
 a - a +0 war axe
 K - a +2 antimagic war axe
 O - a +5 war axe of freezing (weapon)
Armour
 b - a +0 scale mail
 c - a +0 shield (worn)
 s - a +1 pair of boots (worn)
 D - a +1 cloak of poison resistance (worn)
 J - a +0 leather armour
 L - a cursed +0 plate armour (worn)
Jewellery
 i - an uncursed amulet of faith
 k - an amulet of guardian spirit (around neck)
 y - an uncursed amulet of the gourmand {unknown}
 C - an uncursed ring of magical power {unknown}
 G - an uncursed ring of protection from cold {unknown}
 I - a +5 ring of strength {unknown}
 N - a cursed amulet of inaccuracy
Wands
 m - a wand of confusion (11/48)
 F - a wand of flame (18/48)
 M - a wand of flame (15/48)
Scrolls
 e - 2 scrolls of identify
 g - 2 scrolls of enchant weapon
 j - a scroll of enchant armour
 p - 2 scrolls of amnesia
 r - a scroll of immolation
 t - 2 scrolls of teleportation
 v - 2 scrolls of fear
 x - a scroll of random uselessness
Potions
 d - 2 potions of might
 n - a potion of resistance
 q - 4 potions of brilliance
 w - 2 potions of agility
 A - a potion of berserk rage {unknown}
 E - a potion of haste {unknown}
 H - 3 potions of curing
 P - a potion of ambrosia {unknown}
Books
 h - the Guide on Vitriolic Stones
   (You found it in a sewer)

   Spells                             Type                      Level
   a - Mephitic Cloud                 Conjuration/Poison/Air       3
   b - Stone Arrow                    Conjuration/Earth            3
   c - Spider Form                    Transmutation/Poison         3
   d - Lee's Rapid Deconstruction     Earth                        5
   e - Statue Form                    Transmutation/Earth          6
Comestibles
 f - 7 bread rations
 l - 4 fruits
 o - 2 meat rations
 z - 9 royal jellies
 Q - a chunk of flesh


   Skills:
 - Level 4.4(3.8) Fighting
 - Level 5.0(4.3) Axes
 - Level 4.9(4.2) Armour
 - Level 2.2(1.6) Dodging
 - Level 5.2(4.5) Shields
 - Level 1.6(0.9) Spellcasting
 * Level 6.8(6.1) Earth Magic


You had 7 spell levels left.
You knew the following spells:

 Your Spells              Type           Power        Failure   Level  Hunger
a - Stone Arrow           Conj/Erth      #.....       100%        3    ####...


Dungeon Overview and Level Annotations

Branches:
Dungeon (7/15)             Temple (0/1) D:4

Altars:
Ashenzari
Cheibriados
Dithmenos
Elyvilon
Fedhas
Nemelex Xobeh
Qazlal
Sif Muna
Trog
Xom

Shops:
D:4 (![(


Innate Abilities, Weirdness & Mutations

You reflexively headbutt those who attack you in melee.
You have a pair of horns on your head.


Message History

The soul eater is unaffected.
The rust devil is unaffected.
The hellwing is unaffected.
The hell rat is unaffected.
The redback looks frightened! x2
The hellwing hits you but does no damage.
You block the hellwing's attack.
The deep elf mage gestures wildly while chanting.
The deep elf mage blinks!
The soul eater hits you but does no damage.
You closely miss the redback.
You hit the rust devil but do no damage.
You hit the hellwing. You freeze the hellwing. You closely miss the soul eater.
You block the hellwing's attack.
The hellwing hits you but does no damage.
The rust devil hits you!
* * * LOW HITPOINT WARNING * * *
The rust devil corrodes you!
The soul eater draws from the surrounding life force!
* * * LOW HITPOINT WARNING * * *
The hellwing hits you!
You die...

#####
##...##
###
#..∩..#
..##
#.....#
...#
##...##
...#
####§##e.#
##3r.##
#@§§..#
#44§..#
#§§...#
#....##
+#####


You could see a soul eater, a hellwing, a rust devil and a hell rat.

Vanquished Creatures
  Purgy (Sewer)
  2 ice beasts
  A sky beast (D:5)
  2 centaurs (D:7)
  A bullfrog (D:4)
  2 scorpions
  2 wights (D:7)
  3 crimson imps
  2 orc priests
  5 orc wizards
  A jelly (D:5)
  Crazy Yiuf (D:3)
  Ijyb (D:5)
  Natasha (D:3)
  An iguana (D:6)
  5 worker ants
  A howler monkey zombie (D:6)
  4 gnolls (D:5)
  A river rat (D:3)
  9 adders
  A shadow imp (D:6)
  2 oozes
  A dart slug (D:1)
  2 leopard geckos
  15 orcs
  4 giant cockroaches
  12 goblins
  4 hobgoblins
  12 jackals
  8 kobolds
  2 quokkas
  3 ball pythons
  6 bats
  6 frilled lizards
  A leopard gecko skeleton (D:4)
  11 rats
136 creatures vanquished.

Notes
Turn   | Place    | Note
-------+----------+-------------------------------------------
     0 | D:1      | equalderp2856 the Minotaur Fighter began the quest for the Orb.
     0 | D:1      | Reached XP level 1. HP: 19/19 MP: 0/0
    91 | D:1      | Reached XP level 2. HP: 25/27 MP: 1/1
   418 | D:1      | Reached XP level 3. HP: 33/33 MP: 2/2
   616 | D:2      | Found a faded altar of an unknown god.
   904 | D:2      | Found a sparkling altar of Nemelex Xobeh.
  1459 | D:2      | Found a stormy altar of Qazlal.
  1733 | D:3      | Found a bloodstained altar of Trog.
  1759 | D:3      | Reached XP level 4. HP: 20/40 MP: 2/4
  1767 | D:3      | Found a glowing drain.
  1808 | D:3      | HP: 1/40 [something/puff of frost (4)]
  1816 | D:3      | HP: 2/40 [something/puff of flame (3)]
  1916 | D:3      | Reached skill level 1 in Spellcasting
  1950 | Sewer    | Entered a sewer
  2134 | Sewer    | Noticed Purgy
  2148 | Sewer    | Killed Purgy
  2148 | Sewer    | Reached skill level 1 in Dodging
  2148 | Sewer    | Reached XP level 5. HP: 39/46 MP: 2/6
  2157 | Sewer    | Identified the Guide on Vitriolic Stones
  2174 | Sewer    | Learned a level 3 spell: Stone Arrow
  2362 | D:3      | Reached XP level 6. HP: 37/52 MP: 4/7
  2431 | D:3      | Found a shimmering altar of Xom.
  2536 | D:3      | Found a runed door.
  2676 | D:3      | Noticed Natasha
  2680 | D:3      | Killed Natasha
  2770 | D:3      | Noticed Crazy Yiuf
  2777 | D:3      | Killed Crazy Yiuf
  2777 | D:3      | Reached skill level 5 in Shields
  2835 | D:4      | Found Xessoag's Distillery.
  2889 | D:4      | Found a staircase to the Ecumenical Temple.
  2933 | D:4      | Reached skill level 5 in Axes
  3043 | D:4      | Found a shadowy altar of Dithmenos.
  3090 | D:4      | Found Jughyuf's Antique Armour Boutique.
  3099 | D:4      | Found a shattered altar of Ashenzari.
  3324 | D:4      | Found Copros's Weapon Emporium.
  3375 | D:4      | Found Lutit's Antique Weapon Shop.
  3382 | D:4      | Bought a glowing war axe for 123 gold pieces
  3494 | D:5      | Entered Level 5 of the Dungeon
  3504 | D:5      | Reached skill level 1 in Earth Magic
  3519 | D:5      | Noticed Ijyb
  3529 | D:5      | Killed Ijyb
  3529 | D:5      | Reached XP level 7. HP: 54/60 MP: 2/8
  3580 | D:5      | Found a blossoming altar of Fedhas.
  3627 | D:5      | Found a snail-covered altar of Cheibriados.
  3635 | D:5      | Found a white marble altar of Elyvilon.
  3755 | D:5      | Reached skill level 2 in Earth Magic
  4128 | D:5      | Reached skill level 3 in Earth Magic
  4227 | D:5      | Found a blossoming altar of Fedhas.
  4442 | D:6      | Reached skill level 4 in Earth Magic
  4700 | D:5      | Reached XP level 8. HP: 43/67 MP: 3/9
  4931 | D:4      | Bought a runed war axe for 123 gold pieces
  5140 | D:6      | Reached skill level 5 in Earth Magic
  5367 | D:6      | Found a deep blue altar of Sif Muna.
  5823 | D:7      | Reached skill level 6 in Earth Magic
  5916 | D:7      | Found a flagged portal.
  5950 | Bailey   | Entered a bailey
  5956 | Bailey   | Noticed a deep elf mage
  5961 | Bailey   | Noticed a hellwing
  5963 | Bailey   | Noticed a rust devil
  5967 | Bailey   | Noticed a hellwing
  5974 | Bailey   | Noticed a soul eater
  5979 | Bailey   | Slain by a hellwing

Skill      XL: |  1  2  3  4  5  6  7  8 |
---------------+-------------------------+-----
Armour         | 4 |  4.9
Shields        | 4 5 |  5.2
Axes           | 3 4 5 |  5.0
Fighting       | 4 |  4.4
Spellcasting   | 1 |  1.6
Dodging        | 1 2 |  2.2
Earth Magic    | 1 4 6 |  6.8

Action                   |  1- 3 |  4- 6 |  7- 9 || total
-------------------------+-------+-------+-------++-------
Melee: War axe           |    86 |   136 |   137 ||   359
       Headbutt          |    12 |    26 |    23 ||    61
Evoke: Wand              |       |     1 |     1 ||     2
  Use: Scroll            |       |     2 |    12 ||    14
       Potion            |       |     2 |     1 ||     3
 Stab: Confused          |       |     1 |       ||     1
  Eat: Fruit             |     1 |     1 |     1 ||     3
       Chunk             |       |     6 |     7 ||    13
Armor: Scale mail        |    41 |    71 |       ||   112
       Leather armour    |       |     7 |    33 ||    40
       Plate armour      |       |       |    84 ||    84
Dodge: Dodged            |    37 |    54 |    44 ||   135
Block: Shield            |    52 |    90 |    88 ||   230
